Map: [ESL] Cosmic Sapphire

Players

PattyMac - Winner!

  • Race: Protoss Protoss
  • Spawn Location: 5:00

Reaper

  • Race: Zerg Zerg
  • Spawn Location: 11:00

Event: DreamHack SC2 Masters 2022 Atlanta (Online)

VOD

Have the link to the VOD?

Description

Time

  • Played on: Oct. 4, 2022, 5:22 p.m.
  • Length: 6:56

All games in this series

Show
View Real Time Build Order
Export as new Build Order

PattyMac Protoss - Winner!

Build Orders:  

Get SALT Encoding   

  12  0:00  Probe  
  13  0:12  Probe  
  14  0:17  Pylon  
  14  0:24  Probe (Chrono Boost)  
  15  0:36  Probe (Chrono Boost)  
  15  0:37  Gateway  
  16  0:44  Probe (Chrono Boost)  
  16  0:48  Assimilator  
  17  0:51  Probe  
  18  1:01  Forge  
  18  1:03  Probe  
  19  1:09  Pylon  
  19  1:16  Probe  
  20  1:24  Cybernetics Core  
  20  1:33  Photon Cannon  
  20  1:42  Photon Cannon  
  20  1:46  Zealot (Chrono Boost)  
  22  1:54  Pylon  
  22  2:00  Warp Gate  
  22  2:01  Probe  
  22  2:06  Stalker (Chrono Boost)  
  25  2:23  Probe  
  26  2:40  Nexus  
  26  2:50  Shield Battery  
  26  2:54  Stalker  
  28  3:04  Robotics Facility  
  28  3:17  Shield Battery  
  28  3:26  Stalker (Chrono Boost)  
  28  3:29  Shield Battery  
  30  3:36  Shield Battery  
  30  3:49  Gateway  
  30  3:58  Stalker  
  30  4:01  Probe  
  29  4:03  Assimilator  
  29  4:07  Shield Battery  
  29  4:16  Probe  
  30  4:19  Probe  
  30  4:20  Immortal (Chrono Boost)  
  35  4:29  Probe  
  36  4:34  Stalker  
  38  4:39  Pylon  
  38  4:48  Photon Cannon  
  38  4:54  Adept  
  38  4:59  Sentry  
  42  5:15  Stalker  
  45  5:21  Probe x2 (Chrono Boost)  
  45  5:32  Probe x2 (Chrono Boost)  
  47  5:37  Probe x2 (Chrono Boost)  
  49  5:44  Immortal  
  49  5:47  Probe  
  54  5:53  Probe  
  55  6:02  Probe  
  54  6:04  Assimilator  
  54  6:05  Probe  
  54  6:07  Gateway  
  54  6:08  Adept  
  54  6:11  Adept  
  59  6:25  Probe  
Show
View Real Time Build Order
Export as new Build Order

Reaper Zerg 

Build Orders: Hatch First 

Get SALT Encoding   

  12  0:00  Drone  
  13  0:08  Drone  
  14  0:36  Hatchery  
  13  0:43  Extractor  
  12  0:53  Spawning Pool  
  11  0:58  Drone  
  11  1:02  Drone  
  13  1:07  Drone  
  14  1:39  Roach Warren  
  13  1:42  Zergling x2  
  13  1:43  Metabolic Boost  
  14  1:53  Overlord  
  14  2:03  Queen  
  16  2:21  Roach  
  16  2:22  Roach  
  20  2:25  Roach  
  22  2:38  Overlord  
  22  2:44  Zergling x2  
  23  2:55  Overlord  
  23  3:14  Zergling x2  
  23  3:15  Zergling x6  
  27  3:20  Ravager  
  27  3:21  Ravager  
  27  3:26  Zergling x2  
  29  3:35  Overlord  
  29  3:46  Ravager  
  30  3:55  Zergling x4  
  27  4:12  Zergling x8  
  30  4:19  Zergling x2  
  31  4:30  Zergling x2  
  32  4:39  Zergling x2  
  32  4:42  Zergling x6  
  36  4:53  Zergling x2  
  37  5:05  Zergling x2  
  36  5:10  Zergling x2  
  36  5:11  Overlord  
  37  5:23  Hatchery  
  37  5:25  Overlord  
  36  5:38  Overlord  
  35  5:50  Zergling x2  
  35  5:51  Zergling x6  
  35  5:55  Zergling x2  
  37  6:08  Zergling x2  
  38  6:16  Zergling x2  
Tags
 
Add a new tag
Caveats
  • Supply blocks, unpowered buildings, or Contaminate may cause inaccurate times.
  • Supply counts are checked every 10 seconds.